 Dungeon Crawl Stone Soup version 0.28-a0-664-gc179e30c89 (webtiles) character file.

Game seed: 5544077262376787821

337650 flotson the Spry (level 21, 0/174 HPs)
             Began as a Demonspawn Delver on Oct 15, 2021.
             Was an Initiate of Gozag.
             Slain by a vampire knight (13 damage)
             ... while paralysed by a vampire knight
             ... on level 1 of the Depths.
             The game lasted 02:07:45 (43707 turns).

flotson the Spry (Demonspawn Delver)               Turns: 43707, Time: 02:07:45

Health: 0/174      AC: 52    Str: 22    XL:     21   Next: 1%
Magic:  7/21       EV:  2    Int: 13    God:    Gozag
Gold:   4395       SH:  0    Dex: 25    Spells: 20/20 levels left

rFire   . . .      SeeInvis .   a - +7 broad axe (vorpal)
rCold   . . .      Faith    .   Z - +0 tower shield
rNeg    . . .      Spirit   .   T - +27 Lear's hauberk
rPois   .          Reflect  +   (helmet currently unavailable)
rElec   .          Harm     .   (cloak unavailable)
rCorr   .          Rampage  .   (gloves currently unavailable)
Will    +....      NoCast   +   (boots currently unavailable)
Stlth   +++.......              F - amulet "Typhesyan" {Reflect -Cast Regen+ Str+2 Dex+3 SH+5}
HPRegen 1.39/turn               K - +4 ring of evasion
MPRegen 0.17/turn               z - +4 ring of protection

@: paralysed, studying 3 skills
A: thin skeletal structure 3, icemail 2, powered by death 2, condensation
shield, weakness stinger 3
}: 2/15 runes: decaying, serpentine
a: Renounce Religion, Potion Petition, Call Merchant, Bribe Branch


You were on level 1 of the Depths.
You worshipped Gozag.
Gozag was most pleased with you.
You visited 8 branches of the dungeon, and saw 36 of its levels.
You visited the Abyss 1 time.
You also visited: Bailey, Gauntlet, Ice Cave, Volcano and Desolation.

You collected 18068 gold pieces.
You spent 9218 gold pieces at shops.
You paid 4455 gold pieces to Gozag.

Inventory:

Hand Weapons
 a - a +7 vorpal broad axe (weapon)
 b - the +8 whip "Snakebite" {venom, curare, rPois}
   (You found it on level 1 of the Snake Pit)

   It poisons the flesh of those it strikes.
   It occasionally inflicts asphyxiating poison on those it strikes, dealing
   poison damage and causing slowness.
   rPois:     It protects you from poison.
 c - the +11 hunting sling "Usaoss" {speed, rC+}
   (You found it on level 4 of the Swamp)

   Attacks with this weapon are significantly faster.
   rC:        It protects you from cold.
 t - the +8 demon trident "Xitak" {elec, rCorr}
   (You took it off a hell knight on level 1 of the Depths)

   It occasionally discharges a powerful burst of electricity upon striking a
   foe.
   rCorr:     It protects you from acid and corrosion.
Missiles
 g - 6 boomerangs of dispersal (quivered)
 i - 4 datura-tipped darts
 j - 9 curare-tipped darts
 q - 6 atropa-tipped darts
 A - 20 throwing nets
 C - 220 sling bullets
 V - 3 javelins
Armour
 T - the +27 Lear's hauberk (worn)
   (You bought it in a shop on level 3 of the Elven Halls)
 Z - a +0 tower shield (worn)
Jewellery
 z - a +4 ring of protection (right hand)
 F - the amulet "Typhesyan" (around neck) {Reflect -Cast Regen+ Str+2 Dex+3 SH+5}
   (You found it on level 7 of the Dungeon)

   [amulet of reflection]

   It reflects blocked missile attacks.
   Str:       It affects your strength (+2).
   Dex:       It affects your dexterity (+3).
   -Cast:     It prevents spellcasting.
   Regen:     It increases your rate of health regeneration.
   SH:        It affects your SH (+5).
 K - a +4 ring of evasion (left hand)
Wands
 d - a wand of acid (31)
 k - a wand of charming (14)
 w - a wand of flame (142)
 B - a wand of iceblast (47)
 I - a wand of paralysis (22)
 N - a wand of digging (10)
 X - a wand of mindburst (11)
Scrolls
 e - 12 scrolls of identify
 m - 2 scrolls of summoning
 n - 4 scrolls of blinking
 p - a scroll of silence
 r - 2 scrolls of fear
 v - 12 scrolls of enchant armour
 y - 7 scrolls of fog
 D - a scroll of holy word
 J - 3 scrolls of vulnerability
 O - 8 scrolls of teleportation
 Q - a scroll of brand weapon
 S - 6 scrolls of immolation
Potions
 f - 10 potions of haste
 l - 9 potions of lignification
 o - 4 potions of might
 u - 4 potions of curing
 x - 6 potions of mutation
 G - 2 potions of cancellation
 H - a potion of ambrosia
 L - a potion of flight
 P - a potion of invisibility
 R - a potion of heal wounds
 U - 5 potions of attraction
 W - 4 potions of berserk rage
Miscellaneous
 h - a tin of tremorstones (2/2)
 E - a phantom mirror
 M - a piece from Xom's chessboard (15/15)
 Y - a lightning rod (4/4)


   Skills:
 + Level 17.1 Fighting
 - Level 3.5 Long Blades
 + Level 14.1(14.9) Axes
 - Level 8.2(12.1) Maces & Flails
 - Level 10.1 Throwing
 + Level 15.5 Armour
 + Level 17.2 Dodging
 - Level 4.5 Stealth
 + Level 14.3 Shields
 - Level 10.9 Evocations


You had 20 spell levels left.
You didn't know any spells.
Your spell library contained the following spells:

 Spells                   Type           Power      Damage    Failure   Level
 Foxfire                  Conj/Fire      0%         2x1d4     99%         1
 Sandblast                Erth           0%         2d4       99%         1
 Passwall                 Tmut/Erth      0%         N/A       100%        2
 Poisonous Vapours        Pois/Air       0%         N/A       100%        2
 Scorch                   Fire           0%         2d5       100%        2
 Searing Ray              Conj           0%         2d4       100%        2
 Static Discharge         Conj/Air       0%         N/A       100%        2
 Sublimation of Blood     Necr           0%         N/A       100%        2
 Wereblood                Tmut           0%         N/A       100%        2
 Call Canine Familiar     Summ           0%         N/A       100%        3
 Conjure Flame            Conj/Fire      0%         6-21      100%        3
 Dazzling Flash           Conj/Hex       0%         N/A       100%        3
 Frozen Ramparts          Ice            0%         1d2       100%        3
 Gell's Gravitas          Tloc           0%         N/A       100%        3
 Ignite Poison            Fire/Tmut/Pois 0%         N/A       100%        3
 Inner Flame              Hex/Fire       0%         N/A       100%        3
 Lesser Beckoning         Tloc           0%         N/A       100%        3
 Ozocubu's Armour         Ice            0%         N/A       100%        3
 Stone Arrow              Conj/Erth      0%         3d7       100%        3
 Teleport Other           Tloc           0%         N/A       100%        3
 Animate Dead             Necr           0%         N/A       100%        4
 Cause Fear               Hex            0%         N/A       100%        4
 Flame Wave               Conj/Fire      0%         3d3       100%        4
 Ice Form                 Ice/Tmut       0%         N/A       100%        4
 Iskenderun's Mystic Bla  Conj/Tloc      0%         2d3       100%        4
 Petrify                  Tmut/Erth      0%         N/A       100%        4
 Sticky Flame             Conj/Fire      0%         2d3       100%        4
 Summon Ice Beast         Ice/Summ       0%         N/A       100%        4
 Summon Lightning Spire   Summ/Air       0%         N/A       100%        4
 Borgnjor's Vile Clutch   Necr/Erth      0%         N/A       100%        5
 Iskenderun's Battlesphe  Conj           0%         2d6       100%        5
 Metabolic Englaciation   Hex/Ice        0%         N/A       100%        5
 Summon Forest            Summ/Tloc      0%         N/A       100%        5
 Dispersal                Tloc           0%         N/A       100%        6
 Invisibility             Hex            0%         N/A       100%        6
 Iron Shot                Conj/Erth      0%         9d1       100%        6
 Simulacrum               Ice/Necr       0%         N/A       100%        6
 Starburst                Conj/Fire      0%         6d3       100%        6
 Summon Cactus Giant      Summ           0%         N/A       100%        6
 Dragon Form              Tmut           0%         N/A       100%        7
 Haunt                    Necr/Summ      0%         N/A       100%        7
 Spellforged Servitor     Conj/Summ      0%         N/A       100%        7
 Storm Form               Tmut/Air       0%         N/A       100%        7
 Summon Hydra             Summ           0%         N/A       100%        7
 Borgnjor's Revivificati  Necr           0%         N/A       100%        8
 Infestation              Necr           0%         N/A       100%        8
 Maxwell's Capacitive Co  Air            0%         ∞         100%        8
 Necromutation            Tmut/Necr      0%         N/A       100%        8
 Summon Horrible Things   Summ           0%         N/A       100%        8
 Death's Door             Necr           0%         N/A       100%        9
 Dragon's Call            Summ           0%         N/A       100%        9


Dungeon Overview and Level Annotations

Branches:
Dungeon (15/15)            Temple (1/1) D:7            Lair (6/6) D:11
  Swamp (4/4) Lair:3        Snake (4/4) Lair:2        Slime (0/5) Lair:5
    Orc (2/2) D:12            Elf (3/3) Orc:2        Vaults (0/5) D:14
 Depths (1/4) D:15         Bailey (visited)           IceCv (visited)
Volcano (visited)         Desolation (visited)      Gauntlet (visited)

Altars:
Ashenzari
Cheibriados
Dithmenos
Elyvilon
Fedhas
Gozag
Hepliaklqana
Kikubaaqudgha
Makhleb
Nemelex Xobeh
Okawaru
Qazlal
Ru
Sif Muna
Trog
Uskayaw
Vehumet
Wu Jian
Xom
Yredelemnul
Zin
The Shining One
Beogh
Jiyva

Shops:
D:13 :   Orc:2 *[?*   Elf:1 (   Elf:2 [   Elf:3 **[*[

Portals:
Hell: Depths:1


Innate Abilities, Weirdness & Mutations

You have an unnaturally thin skeletal structure. (Dex +6, Stealth+++)
A meltable icy envelope protects you from harm. (AC +8)
You regenerate health from kills.
A meltable shield of frost defends you. (SH +4)
You have a sharp stinger which inflicts weakening toxins.


Message History

You block the vampire knight's attack. x2
You hit the vampire knight but do no damage.
The vampire knight is severely damaged.
You block the vampire knight's attack. x3; The vampire knight misses you.
You hit the vampire knight but do no damage.
You tail-slap the vampire knight.
The vampire knight is severely damaged.
The vampire knight draws life force from you!
* * * LOW HITPOINT WARNING * * *
The vampire knight is healed by the life force!
You block the vampire knight's attack. x2
You feel much better.
The vampire knight draws life force from you!
* * * LOW HITPOINT WARNING * * *
The vampire knight is healed by the life force!
The vampire knight gestures at you while chanting.
You easily resist.
You see here 25 gold pieces.
Aiming: Mindburst
Press: ? - help, Shift-Dir - straight line, f - vampire knight
Aim: a vampire knight, wielding a +0 great mace and wearing a +0 plate armour (heavily damaged, fast, chance to affect: 50%)
The vampire knight resists with some effort.
The vampire knight points at you and mumbles some strange words.
You suddenly lose the ability to move!
The vampire knight hits you but does no damage.
The vampire knight bites you.
* * * LOW HITPOINT WARNING * * *
The vampire knight draws strength from your injuries!
The vampire knight hits you but does no damage.
The vampire knight bites you but does no damage.
The vampire knight casts a spell.
The vampire knight flickers and vanishes!
Deactivating autopickup; reactivate with Ctrl-A.
Something hits you but does no damage. Something bites you but does no damage.
Something hits you!
* * * LOW HITPOINT WARNING * * *
Something bites you but does no damage. Something hits you!
You die...
Your body crumbles into a pile of gold.

#######
#############......
#.............#####
#.#############
#.## #..# ##{# #@#
####$######
#.§$......#
#.........#
#...........#
#.#.........#
#...(.(.....#
#...........#
#.....{.....#


There were no monsters in sight!

Vanquished Creatures
  A shard shrike (IceCv)
  Mlioglotl (Swamp:3)
  4 tentacled monstrosities (Swamp:4)
  A lich (Depths:1)
  2 deep elf master archers (Elf:3)
  2 deep elf blademasters
  2 acid blobs (Lair:6)
  An Executioner (Abyss:2)
  4 thorn hunters
  Frances (Elf:1)
  Agnes (Elf:2)
  6 nagarajas
  Donald (Swamp:3)
  3 fenstrider witches
  5 azure jellies (Lair:6)
  The ghost of Loom the Destroyer, a journeyman DgCj (Snake:2)
  The ghost of shoop the Thaumaturge, an adept DjAE of Zin (Orc:2)
  A frost giant (Depths:1)
  An imperial myrmidon (Desolation)
  Louise (Elf:1)
  2 balrugs (Depths:1)
  6 deep elf sorcerers
  An orc warlord (Orc:2)
  Aizul (Snake:1)
  5 deep elf elementalists (Elf:3)
  A reaper (Depths:1)
  A stone giant (Volcano)
  The ghost of lawman0 the Covert, a journeyman GnDe of Hepliaklqana (Lair:6)
  3 halazid warlocks (Desolation)
  Nessos (Lair:4)
  3 lorocyprocas (Depths:1)
  A minotaur (Gauntlet)
  Azrael (Elf:2)
  4 deep elf annihilators (Elf:3)
  5 deep elf demonologists (Elf:3)
  A dire elephant (Lair:6)
  5 bunyips
  A white draconian (IceCv)
  4 deep elf death magi (Elf:3)
  3 eleionomae (Swamp:3)
  A blizzard demon (Swamp:4)
  An ettin (D:15)
  Snorg (Lair:4)
  A fire dragon (D:14)
  2 crystal guardians (Desolation)
  2 green deaths
  4 deep elf high priests (Elf:3)
  Josephine (D:12)
  A rakshasa (D:14)
  5 ragged hierophants (Desolation)
  2 boulder beetles
  10 hydras
  A shambling mangrove (Swamp:1)
  The ghost of AlleluiaPinecone the Stickfighter, a journeyman VSBr of Makhleb (Swamp:1)
  Erolcha (D:13)
  15 naga warriors
  A great orb of eyes (Abyss:2)
  23 anacondas
  10 peacekeepers
  3 spriggan air magi
  6 centaur warriors
  4 salamander tyrants
  2 ice dragons
  6 ogre magi
  An ironbound frostheart (IceCv)
  9 servants of whispers (Desolation)
  5 alligators
  5 catoblepae
  A hell hog (Depths:1)
  15 two-headed ogres
  A death knight (D:11)
  A deep troll shaman (Lair:6)
  15 naga sharpshooters
  Urug (D:11)
  9 death yaks
  4 thrashing horrors (Abyss:2)
  12 deep elf knights
  A hell knight (Depths:1)
  2 soul eaters
  9 tengu warriors
  An orc high priest (Orc:2)
  5 sun demons (Depths:1)
  5 shock serpents
  6 skeletal warriors
  2 wretched stars (Abyss:2)
  7 goliath frogs
  5 deep trolls
  3 salamander mystics
  2 spark wasp zombies (Depths:1)
  2 death drakes
  2 sixfirhies (Swamp:4)
  6 spriggan druids
  A spatial maelstrom (Abyss:2)
  A shadow demon (Depths:1)
  7 swamp dragons
  4 deep elf archers
  An orange crystal statue (IceCv)
  3 bog bodies
  5 ironbound convokers (Desolation)
  9 naga ritualists
  Pikel (D:6)
  2 orc knights (Orc:2)
  A necromancer (Depths:1)
  13 deep elf pyromancers
  3 wizards
  8 mana vipers
  A lindwurm (Lair:6)
  27 ugly things
  21 deep elf zephyrmancers
  5 orc sorcerers
  12 salamanders
  An oklob plant (Lair:3)
  8 manticores
  10 cyclopes
  6 large abominations (Abyss:2)
  2 will-o-the-wisps
  A shadow dragon skeleton (Depths:1)
  2 worldbinders (Abyss:2)
  4 elephants (Lair:6)
  A moth of wrath (Swamp:3)
  13 guardian serpents
  4 smoke demons
  37 black mambas
  14 naga magi
  3 molten gargoyles
  2 eyes of devastation
  An apocalypse crab (Elf:3)
  A torpor snail (Lair:5)
  9 cane toads
  Joseph (D:7)
  2 orange demons (Swamp:4)
  5 gargoyles
  2 unseen horrors (D:11)
  22 rime drakes
  5 kobold demonologists
  4 komodo dragons
  5 tengu conjurers
  A minotaur zombie (Gauntlet)
  A yaktaur (D:11)
  3 efreet
  2 hellwings (Swamp:4)
  An ancient zyme (Abyss:2)
  A meliai (shapeshifter) (Elf:3)
  19 trolls
  15 polar bears
  22 blink frogs
  9 tyrant leeches
  66 saltlings
  12 hornets
  14 slime creatures
  A meliai zombie (D:11)
  8 redbacks (Elf:1)
  3 shadows
  7 wyverns
  16 spriggans
  2 centaur simulacra
  An ettin skeleton (Depths:1)
  6 wraiths
  4 air elementals
  48 yaks
  3 basilisks
  2 fire bats (Volcano)
  6 fire elementals
  2 water elementals
  5 steam dragons
  22 vampire mosquitoes
  3 chaos spawn
  A neqoxec (Swamp:4)
  3 wargs
  A spatial vortex (Abyss:2)
  46 nagas
  17 swamp worms
  13 water moccasins
  2 acid dragons
  A floating eye (Lair:5)
  3 hell hounds (Elf:2)
  5 small abominations (Abyss:2)
  An ice beast (D:6)
  16 orc warriors
  3 sky beasts
  A hornet zombie (D:8)
  24 ogres
  2 swamp drakes
  4 black bears
  17 wolves
  11 centaurs
  2 lemures
  A phantom (D:5)
  A kobold brigand (D:8)
  Blork the orc (D:4)
  12 bullfrogs
  4 scorpions (D:5)
  A glowing shapeshifter simulacrum (Depths:1)
  14 gnoll sergeants
  A water moccasin zombie (D:5)
  4 earth elementals
  3 killer bees (D:7)
  10 wights
  10 howler monkeys
  2 electric eels
  4 lava snakes
  5 centaur zombies
  4 hounds
  A quasit (Abyss:2)
  2 centaur skeletons
  2 jellies
  7 gnoll shamans
  14 orc priests
  An iron imp (Abyss:2)
  Crazy Yiuf (D:7)
  Terence (D:2)
  3 iguanas
  19 orc wizards
  A howler monkey zombie (D:8)
  A howler monkey skeleton (D:5)
  4 adders
  33 gnolls
  2 white imps
  2 ufetubi (D:5)
  3 worms
  3 dart slugs
  59 orcs
  9 ball pythons
  3 endoplasms
  7 giant cockroaches
  8 goblins
  6 hobgoblins
  3 kobolds
  4 quokkas
  A bat (D:3)
  3 frilled lizards
  2 rats
1381 creatures vanquished.

Vanquished Creatures (others)
  A naga warrior (Snake:2)
  23 dancing weapons
  A goliath frog (Swamp:2)
  A deep elf zephyrmancer (Swamp:4)
  A deep elf pyromancer (Elf:2)
  A guardian serpent (Snake:4)
  A bloated husk (Swamp:2)
  A tyrant leech (Swamp:3)
  A sky beast (D:5)
  A white imp (D:8)
  3 briar patches (Swamp:3)
  2 bushes
  A demonic plant (Gauntlet)
  26 foxfires
  45 fungi
  72 plants
  5 starspawn tentacles
186 creatures vanquished.

Grand Total: 1567 creatures vanquished

Notes
Turn   | Place    | Note
-------+----------+-------------------------------------------
     0 | D:5      | flotson the Demonspawn Delver began the quest for the Orb.
     0 | D:5      | Reached XP level 1. HP: 18/18 MP: 1/1
    52 | D:5      | Gained mutation: You have a small tail. [demonic ancestry]
    52 | D:5      | Reached XP level 2. HP: 10/24 MP: 2/2
   297 | D:5      | Noticed a scorpion
   338 | D:4      | Noticed an ogre
   397 | D:5      | Reached skill level 1 in Armour
   397 | D:5      | Reached XP level 3. HP: 6/29 MP: 3/3
   796 | D:5      | Reached skill level 1 in Throwing
   811 | D:5      | Noticed an ogre
  1184 | D:2      | Found a faded altar of an unknown god.
  1192 | D:2      | Gained mutation: You have a somewhat thin skeletal
                  | structure. (Dex +2, Stealth+) [demonic ancestry]
  1192 | D:2      | Reached XP level 4. HP: 34/35 MP: 4/4
  1211 | D:2      | Noticed Terence
  1229 | D:2      | Killed Terence
  2775 | D:2      | Gained mutation: A meltable shield of frost defends you.
                  | (SH +4) [demonic ancestry]
  2775 | D:2      | Reached XP level 5. HP: 38/42 MP: 5/5
  2877 | D:3      | Found a stormy altar of Qazlal.
  2938 | D:3      | Found a snail-covered altar of Cheibriados.
  3237 | D:4      | Reached skill level 1 in Evocations
  3315 | D:4      | Reached XP level 6. HP: 33/48 MP: 6/6
  3526 | D:4      | Noticed Blork the orc
  3560 | D:4      | Killed Blork the orc
  3620 | D:4      | Found a broken altar of Ashenzari.
  3978 | D:5      | Reached XP level 7. HP: 55/55 MP: 7/7
  4120 | D:5      | Reached skill level 5 in Fighting
  4378 | D:5      | Gained mutation: A meltable icy envelope protects you from
                  | harm. (AC +8) [demonic ancestry]
  4378 | D:5      | Reached XP level 8. HP: 55/62 MP: 6/8
  4809 | D:5      | Found an ornate altar of the Wu Jian Council.
  4876 | D:5      | Identified the +4 pair of boots of Bidwotyu {-Tele *Slow
                  | Int+10 Slay+5}
  5032 | D:6      | Reached skill level 5 in Dodging
  5437 | D:6      | Found a hazy altar of Hepliaklqana.
  5588 | D:5      | Gained mutation: You have a tail ending in a sharp stinger.
                  | [demonic ancestry]
  5588 | D:5      | Reached XP level 9. HP: 62/69 MP: 7/9
  5876 | D:6      | Found a radiant altar of Vehumet.
  5922 | D:6      | Reached skill level 5 in Armour
  5976 | D:6      | Found a shimmering blue altar of Sif Muna.
  6191 | D:6      | Reached skill level 5 in Evocations
  6239 | D:6      | Reached skill level 5 in Throwing
  6499 | D:7      | Identified the amulet "Typhesyan" {Reflect -Cast Regen+
                  | Str+2 Dex+3 SH+5}
  6519 | D:7      | Found a staircase to the Ecumenical Temple.
  6522 | D:7      | Noticed Pikel
  6569 | D:6      | Killed Pikel
  6624 | Temple   | Entered the Ecumenical Temple
  6819 | Temple   | Became a worshipper of Gozag Ym Sagoz the Greedy
  7073 | D:7      | Found a runed translucent door.
  7074 | D:7      | Noticed Crazy Yiuf
  7080 | D:7      | Killed Crazy Yiuf
  7332 | D:7      | Noticed Joseph
  7340 | D:7      | Killed Joseph
  7371 | D:7      | Found a sacrificial altar of Ru.
  7532 | D:8      | Gained mutation: You regenerate a little health from kills.
                  | [demonic ancestry]
  7532 | D:8      | Reached XP level 10. HP: 79/79 MP: 10/10
  7773 | D:8      | Reached skill level 1 in Shields
  7844 | D:8      | Noticed a skeletal warrior
  8208 | D:8      | Killed a skeletal warrior
  8332 | D:8      | Noticed a gargoyle
  8446 | D:8      | Killed a gargoyle
  8727 | D:9      | Reached XP level 11. HP: 80/86 MP: 11/11
  9198 | D:9      | Found an iron altar of Okawaru.
  9235 | D:10     | Entered Level 10 of the Dungeon
  9309 | D:10     | Found a blossoming altar of Fedhas.
  9341 | D:10     | Noticed a two-headed ogre
  9356 | D:10     | Killed a two-headed ogre
  9606 | D:10     | Found a sparkling altar of Nemelex Xobeh.
  9758 | D:10     | Found a basalt altar of Yredelemnul.
 10135 | D:11     | Noticed a centaur warrior
 10442 | D:11     | Noticed a two-headed ogre
 10442 | D:11     | Noticed a two-headed ogre
 10480 | D:11     | Killed a two-headed ogre
 10561 | D:11     | Killed a centaur warrior
 10580 | D:11     | Killed a two-headed ogre
 10608 | D:11     | Noticed a death knight
 10616 | D:11     | Noticed a purple ugly thing
 10632 | D:11     | Killed a purple ugly thing
 10748 | D:11     | Reached XP level 12. HP: 95/95 MP: 12/12
 10787 | D:11     | Reached skill level 5 in Shields
 10848 | D:11     | Killed a death knight
 10901 | D:11     | Noticed a boulder beetle
 11109 | D:11     | Killed a boulder beetle
 11277 | D:11     | Found a staircase to the Lair.
 11457 | D:11     | Noticed Urug
 11466 | D:11     | Killed Urug
 11467 | D:11     | Reached skill level 5 in Axes
 11519 | D:11     | Found a snail-covered altar of Cheibriados.
 11566 | Lair:1   | Entered Level 1 of the Lair of Beasts
 12004 | Lair:1   | Reached skill level 10 in Fighting
 12281 | Lair:2   | Noticed a four-headed hydra
 12291 | Lair:2   | Killed a four-headed hydra
 12598 | Lair:2   | Found a staircase to the Snake Pit.
 12728 | Lair:2   | Gained mutation: You have a moderately thin skeletal
                  | structure. (Dex +4, Stealth++) [demonic ancestry]
 12728 | Lair:2   | Reached XP level 13. HP: 104/104 MP: 13/13
 13170 | Lair:3   | Found an ornate altar of the Wu Jian Council.
 13178 | Lair:3   | Found a dark tunnel.
 13197 | Volcano  | Entered a volcano
 13502 | Volcano  | Found a burning altar of Makhleb.
 13541 | Volcano  | Noticed a stone giant
 13637 | Volcano  | Killed a stone giant
 14354 | Lair:3   | Found a staircase to the Swamp.
 14594 | Lair:4   | You fall into a shaft and drop 2 floors!
 14594 | Lair:6   | Entered Level 6 of the Lair of Beasts
 14651 | Lair:6   | Reached skill level 10 in Dodging
 14779 | Lair:5   | Found a staircase to the Slime Pits.
 14783 | Lair:5   | Paralysed by a floating eye for 4 turns
 14932 | Lair:4   | Reached skill level 10 in Armour
 15047 | Lair:4   | Noticed Snorg
 15302 | Lair:4   | Noticed Nessos
 15316 | Lair:4   | Killed Nessos
 15550 | Lair:4   | Killed Snorg
 15677 | Lair:5   | Gained mutation: You have a sharp stinger which inflicts
                  | weakening toxins. [demonic ancestry]
 15677 | Lair:5   | Reached XP level 14. HP: 100/113 MP: 14/14
 16708 | Lair:6   | Found a runed translucent gate.
 16708 | Lair:6   | Found a runed translucent gate.
 16709 | Lair:6   | Found a runed translucent gate.
 16709 | Lair:6   | Noticed an azure jelly
 17394 | Lair:6   | Noticed an azure jelly
 17430 | Lair:6   | Noticed an acid blob
 17431 | Lair:6   | Noticed an azure jelly
 17431 | Lair:6   | Noticed an acid blob
 17431 | Lair:6   | Noticed lawman0's ghost (journeyman GnDe)
 17431 | Lair:6   | Noticed an azure jelly
 17431 | Lair:6   | Noticed an azure jelly
 17432 | Lair:6   | Noticed an acid blob
 17432 | Lair:6   | Noticed an azure jelly
 17434 | Lair:6   | Found a viscous altar of Jiyva.
 17737 | D:12     | Noticed Josephine
 17866 | D:12     | Killed Josephine
 18170 | D:12     | Found a staircase to the Orcish Mines.
 18733 | Orc:1    | Entered Level 1 of the Orcish Mines
 19092 | Orc:2    | Entered Level 2 of the Orcish Mines
 19149 | Orc:2    | Found a gate leading to a gauntlet.
 19162 | Gauntlet | Entered a Gauntlet
 19162 | Gauntlet | Found a transporter.
 19171 | Gauntlet | Found a transporter.
 19188 | Gauntlet | Found a transporter.
 19191 | Gauntlet | Found a transporter.
 19211 | Gauntlet | Found a transporter.
 19224 | Gauntlet | Found a transporter.
 19234 | Gauntlet | Found a transporter.
 19259 | Gauntlet | Found a transporter.
 19261 | Gauntlet | Found a transporter.
 19272 | Gauntlet | Found a transporter.
 19293 | Gauntlet | Found a transporter.
 19293 | Gauntlet | Found a transporter.
 19647 | Gauntlet | Identified the +0 chain mail of a Million Wonders {+Blink
                  | rPois Dex-5}
 20112 | Orc:2    | Noticed shoop's ghost (adept DjAE)
 20193 | Orc:2    | Found Nejay's Magic Scroll Shop.
 20210 | Orc:2    | Reached XP level 15. HP: 122/122 MP: 15/15
 20276 | Orc:2    | Found Catuov's General Store.
 20291 | Orc:2    | Found Woilukim's General Store.
 20292 | Orc:2    | Bought a scroll of identify for 32 gold pieces
 20292 | Orc:2    | Bought a scroll of noise for 16 gold pieces
 20292 | Orc:2    | Bought a scroll of vulnerability for 120 gold pieces
 20292 | Orc:2    | Bought a scroll of magic mapping for 56 gold pieces
 20294 | Orc:2    | Identified 3 scrolls of acquirement
 20295 | Orc:2    | Acquired the +2 hat of the Bear Spirit {Spirit, *Rage rN+
                  | Will++}
 20295 | Orc:2    | Found the +2 hat of the Bear Spirit {Spirit, *Rage rN+
                  | Will++}
 20308 | Orc:2    | Acquired a +2 pair of boots of rampaging
 20321 | Orc:2    | Acquired the +3 pair of gauntlets of War {Slay+5}
 20321 | Orc:2    | Found the +3 pair of gauntlets of War {Slay+5}
 20378 | Orc:2    | Bought a scroll of enchant weapon for 90 gold pieces
 20378 | Orc:2    | Bought a scroll of immolation for 42 gold pieces
 20378 | Orc:2    | Bought a scroll of silence for 90 gold pieces
 20380 | Orc:2    | Found Itunon Rank's Armour Boutique.
 20384 | Orc:2    | Bought a scroll of fear for 35 gold pieces
 20384 | Orc:2    | Bought a scroll of identify for 20 gold pieces
 20563 | Orc:2    | Noticed an orc warlord
 20564 | Orc:2    | Found the +9 sword of Zonguldrok {reap}
 20571 | Orc:2    | Killed an orc warlord
 20629 | Orc:2    | Identified the +3 chain mail of the Great Game {Int+3}
 20747 | Orc:2    | Found a staircase to the Elven Halls.
 20765 | Orc:2    | Found a runed translucent gate.
 20765 | Orc:2    | Found a runed translucent gate.
 20765 | Orc:2    | Found a runed translucent gate.
 20806 | Orc:2    | Killed shoop's ghost
 20956 | D:13     | Reached skill level 1 in Long Blades
 20958 | D:13     | Reached skill level 10 in Shields
 21253 | D:13     | Found Fiusipreu's Self-Improvement Boutique.
 21261 | D:13     | Bought a manual of Dodging for 1360 gold pieces
 21435 | D:13     | Noticed Erolcha
 21442 | D:13     | Killed Erolcha
 21767 | D:14     | Found a flagged portal.
 21780 | Bailey   | Entered a bailey
 22186 | D:14     | Identified the +7 scale mail "Maud" {rC+}
 22279 | D:14     | Reached skill level 10 in Axes
 22458 | D:14     | Found a gate to the Vaults.
 22543 | D:15     | Entered Level 15 of the Dungeon
 22578 | D:15     | Found a bloodstained altar of Trog.
 22662 | D:15     | Gained mutation: You regenerate health from kills. [demonic
                  | ancestry]
 22662 | D:15     | Reached XP level 16. HP: 131/131 MP: 16/16
 22668 | D:15     | Found a staircase to the Depths.
 23328 | Elf:1    | Entered Level 1 of the Elven Halls
 23496 | Elf:1    | Noticed Frances
 23513 | Elf:1    | Killed Frances
 23647 | Elf:1    | Found an ancient bone altar of Kikubaaqudgha.
 23849 | Elf:1    | Got the Volume of Battle Magic
 23861 | Elf:1    | Noticed Louise
 23881 | Elf:1    | Killed Louise
 24070 | Elf:1    | Found Fuhiad's Weapon Boutique.
 24274 | Elf:2    | Paralysed by an air elemental for 1 turns
 24409 | Elf:2    | Found Osuaky's Armour Shop.
 24411 | Elf:2    | Paralysed by an air elemental for 1 turns
 24492 | Elf:2    | Found a crumbling gateway.
 24523 | Desolati | Entered the Desolation of Salt
 24784 | Desolati | Got Mnoleg's Reference Book on the Entourage
 24798 | Desolati | Got the Grimoire of Torrid Dislocation
 24872 | Desolati | Reached XP level 17. HP: 139/139 MP: 17/17
 25131 | Desolati | Found the +8 Wrath of Trog {antimagic, *Rage Rampage}
 25156 | Desolati | Identified the +0 robe "Yfulit" {Will+ Stlth+}
 25200 | Desolati | Identified the ring "Erivieke" {Fire Fly Will- rCorr Int+7}
 25220 | Desolati | Identified the ring of Hisusmaz {rElec rC+ rCorr MP+9
                  | Str+2}
 25850 | Elf:2    | Found a runed translucent gate.
 25850 | Elf:2    | Found a runed translucent gate.
 25851 | Elf:2    | Found a runed translucent gate.
 26230 | Elf:2    | Noticed Azrael
 26243 | Elf:2    | Killed Azrael
 26359 | Elf:2    | Noticed Agnes
 26368 | Elf:2    | Killed Agnes
 26410 | Elf:2    | Noticed a deep elf blademaster
 26423 | Elf:2    | Killed a deep elf blademaster
 26750 | Elf:3    | Entered Level 3 of the Elven Halls
 27405 | Elf:3    | Noticed a deep elf master archer
 27551 | Elf:3    | Cast into level 2 of the Abyss (a deep elf sorcerer)
 27793 | Abyss:2  | Noticed a bone dragon
 28187 | Elf:3    | Escaped the Abyss
 28429 | Elf:3    | Noticed a deep elf blademaster
 28444 | Elf:3    | Killed a deep elf blademaster
 28445 | Elf:3    | Reached XP level 18. HP: 148/148 MP: 18/18
 28597 | Elf:3    | Reached skill level 15 in Dodging
 28651 | Elf:3    | Identified the +8 dagger "Guyf" {flame, *Noise rElec Dex+2}
 28656 | Elf:3    | Paralysed by an air elemental for 1 turns
 28784 | Elf:3    | Identified the +6 falchion of the Sea {vorpal, rC+ Int+3}
 28792 | Elf:3    | Reached skill level 15 in Fighting
 28860 | Elf:3    | Noticed an Ice Fiend
 28861 | Elf:3    | Reached skill level 10 in Evocations
 28864 | Elf:3    | Identified the +5 long sword "Nusiux" {elec, rF++ rN+ Dex+6
                  | Stlth+}
 28864 | Elf:3    | Identified the ring of the Empire {rElec rC+ Str+6 Int+4
                  | Dex+2}
 29092 | Elf:3    | Got the Papyrus of Summoning
 29101 | Elf:3    | Identified the +4 arbalest of Revolt {speed, +Blink rCorr
                  | Str-3 Dex+2}
 29107 | Elf:3    | Got Ohiemp's Catalogue of Curses and the Rocks
 29210 | Elf:3    | Got the Tome of the Toxic Rocks
 29332 | Elf:3    | Bought spiked acid dragon scales for 1395 gold pieces
 29332 | Elf:3    | Identified the +6 acid dragon scales of Limitation {rCorr
                  | SInv Stlth+} (You bought it in a shop on level 3 of the
                  | Elven Halls)
 29353 | Elf:3    | Bought the +27 Lear's hauberk for 4293 gold pieces
 29353 | Elf:3    | Found the +27 Lear's hauberk
 29610 | Snake:1  | Entered Level 1 of the Snake Pit
 29865 | Snake:1  | Noticed Aizul
 29887 | Snake:1  | Killed Aizul
 30225 | Snake:1  | Found the +8 whip "Snakebite" {venom, curare, rPois}
 30526 | Snake:2  | Noticed Loom's ghost (journeyman DgCj)
 30527 | Snake:2  | Found a runed translucent door.
 31638 | Snake:2  | Reached skill level 10 in Throwing
 31936 | Snake:2  | Killed Loom's ghost
 32193 | Lair:6   | Killed lawman0's ghost
 32253 | Lair:6   | Reached XP level 19. HP: 126/155 MP: 19/19
 32511 | Lair:6   | Identified the +9 falchion of Symmetry {holy, rF+ rC- Will+
                  | Str+4}
 32602 | Swamp:1  | Entered Level 1 of the Swamp
 32887 | D:13     | Bought a manual of Maces & Flails for 1360 gold pieces
 33078 | Swamp:1  | Found a runed translucent door.
 33079 | Swamp:1  | Noticed AlleluiaPinecone's ghost (journeyman VSBr)
 33169 | Swamp:1  | Killed AlleluiaPinecone's ghost
 33280 | Swamp:1  | Reached skill level 1 in Maces & Flails
 33851 | Swamp:2  | You fall into a shaft and drop 1 floor!
 34836 | Elf:3    | Bought 6 atropa-tipped darts for 50 gold pieces
 35156 | Swamp:3  | Noticed Donald
 35173 | Swamp:3  | Killed Donald
 35376 | Swamp:3  | Noticed Mlioglotl
 35648 | Swamp:3  | Killed Mlioglotl
 35958 | Swamp:4  | Entered Level 4 of the Swamp
 36007 | Swamp:4  | Found a frozen archway.
 36020 | IceCv    | Entered an ice cave
 36283 | IceCv    | Reached skill level 5 in Maces & Flails
 36363 | IceCv    | Noticed a shard shrike
 36385 | IceCv    | Killed a shard shrike
 36798 | Swamp:4  | Paralysed by an ogre mage for 5 turns
 37081 | Swamp:4  | Gained mutation: You have an unnaturally thin skeletal
                  | structure. (Dex +6, Stealth+++) [demonic ancestry]
 37081 | Swamp:4  | Reached XP level 20. HP: 165/165 MP: 20/20
 37356 | Swamp:4  | Identified the +11 hunting sling "Usaoss" {speed, rC+}
 37872 | Elf:3    | Bought 13 sling bullets for 84 gold pieces
 37872 | Elf:3    | Bought a potion of curing for 39 gold pieces
 37872 | Elf:3    | Bought a scroll of blinking for 97 gold pieces
 37872 | Elf:3    | Bought a scroll of teleportation for 39 gold pieces
 38940 | Swamp:4  | HP: 7/166 [poisoned by a death drake (dark miasma)]
 39287 | Swamp:4  | Paralysed by an orc sorcerer for 6 turns
 39308 | Swamp:4  | Paralysed by an orc sorcerer for 2 turns
 39337 | Swamp:4  | HP: 5/166 [poison]
 39463 | Swamp:4  | Got a decaying rune of Zot
 40152 | Snake:3  | Found an opulent altar of Gozag.
 40414 | Snake:4  | Entered Level 4 of the Snake Pit
 40575 | Snake:4  | Reached skill level 15 in Armour
 42789 | Snake:4  | Got a serpentine rune of Zot
 43153 | Depths:1 | Entered Level 1 of the Depths
 43238 | Depths:1 | Identified the +8 demon trident "Xitak" {elec, rCorr}
 43242 | Depths:1 | Found a gateway to Hell.
 43610 | Depths:1 | Identified the +3 broad axe "Death Rattle" {pain, rF- rN++
                  | Will+}
 43662 | Depths:1 | Gained mutation: A meltable icy envelope protects you from
                  | harm. (AC +8) [demonic ancestry]
 43662 | Depths:1 | Reached XP level 21. HP: 117/174 MP: 7/21
 43670 | Depths:1 | Paralysed by a great orb of eyes for 5 turns
 43703 | Depths:1 | Paralysed by a vampire knight for 5 turns
 43707 | Depths:1 | Slain by a vampire knight

Illustrated notes

Levels and vault maps discovered:
D:1:      minmay_arrival_doors, layout_basic, dk_noncrumbling_4
D:2:      layout_loops_ring, hellmonk_ecumenical_altar_lost_god, uniq_terence
D:3:      layout_rooms, nicolae_overflow_crystal_walls,
          overflow_temple_1_default, lemuel_tele_altar, feat_on_display
D:4:      layout_rooms, evilmike_ruin_ashenzari, kennysheep_generic_room_4,
          uniq_blork_the_orc
D:5:      layout_basic, kennysheep_little_box
D:6:      layout_loops_cross, kennysheep_mini_moat, lemuel_blue_sif_altar,
          mainiacjoe_overflow_tiny_flanked, grunt_decor_resistance
D:7:      layout_rooms, nicolae_ru_the_path_less_chosen,
          minmay_temple_entry_overgrown, patterned_corridor, uniq_joseph,
          uniq_crazy_yiuf_cottage, uniq_pikel
D:8:      minmay_quarter_circles, layout_basic
D:9:      layout_long_grid, kennysheep_okawaru_gauntlet
D:10:     layout_basic, amcnicky_altar_gilded, mainiacjoe_overflow_boulevard,
          mainiacjoe_overflow_24_doors
D:11:     hangedman_cross_cluster, layout_cave_pods, lair_entry_dummy,
          hangedman_decor_push, minmay_misc_feat_secret_circle,
          chei_slow_surprise, uniq_urug
D:12:     layout_loops_ring, erik_orc_4, minmay_mirror_moons_of_madness,
          uniq_josephine
D:13:     nzn_motion_control, layout_loops_ring, nicolae_shop_self_help,
          uniq_erolcha
D:14:     layout_cross, david_vaults_4, enter_bailey_3
D:15:     hangedman_depths_entry_civil_slaughter, layout_basic, bloody_trog
Temple:   grunt_temple_mini_profane
Lair:1:   layout_cellular_growth
Lair:2:   layout_gridlike, guppyfry_snake_entry_garden, st_stairs_5
Lair:3:   layout_misc_corridors, nicolae_swamp_entry_splash_gauntlet,
          basic_altar, enter_volcano_1, amcnicky_mini_pool_medium,
          grunt_megastairs_5
Lair:4:   layout_misc_corridors, grunt_forest_stairs_basic, lemuel_fruit_fields,
          uniq_snorg, uniq_nessos
Lair:5:   layout_regular_city, minmay_slime_entry_eyes, grunt_megastairs_2,
          serial_bayou_shore_a, serial_bayou_shore_b
Lair:6:   grunt_lair_end_beastmaster, layout_regular_city, gammafunk_ghost_ooze
Swamp:1:  layout_basic_swamp, ebering_ghost_inner_flame,
          evilmike_swamp_ruin_rubble_2
Swamp:2:  layout_basic_swamp, nicolae_swamp_dense_foliage, swamp_pool3
Swamp:3:  layout_basic_swamp, nicolae_swamp_fairy_circle, swamp_pool1,
          worms_lemuel, uniq_donald, uniq_mlioglotl
Swamp:4:  nzn_swamp_witches_coven, layout_basic_swamp,
          portal_ice_cave_entry_pillars_1
Snake:1:  layout_misc_corridors, serial_bayou_shore_b, uniq_aizul
Snake:2:  layout_basic, hellmonk_ghost_happy_afterlife, grunt_ministairs_6,
          nicolae_snake_magic_snake_eye
Snake:3:  layout_onion_interference, basic_altar,
          nicolae_snake_slithery_hallway, grunt_megastairs_3
Snake:4:  grunt_snake_rune_serpentine_throne, layout_layer_cave,
          serial_bayou_pond_d, hangedman_snake_pattern,
          nicolae_snake_guarding_the_ruins
Orc:1:    layout_caves, basic_altar
Orc:2:    st_orc_open, layout_caves, gammafunk_ghost_split,
          gauntlet_entry_generic, elf_legates
Elf:1:    eino_elf_arrival_sip, layout_gridlike, basic_altar, serial_shops,
          shop, minmay_elf_annihilation, drop_trap, minivault_27, uniq_louise,
          uniq_frances
Elf:2:    elven_hall_of_blades_hangedman_original [nooodl_blade_entry_preview],
          layout_loops_ring, portal_desolation_entry_salt, serial_shops,
          shop_statue, minivault_26, uniq_agnes, uniq_azrael
Elf:3:    minmay_elf_hall_dome, layout_geoelf_castle
Depths:1: layout_gridlike, enter_ziggurat_c, hellmouth_2,
          rand_demon_pan_entry_1, serial_bayou_pond_c,
          nrook_kobold_shadow_demons

Skill      XL: |  1  2  3  4  5  6  7  8  9 10 11 12 13 14 15 16 17 18 19 20 |
---------------+-------------------------------------------------------------+-----
Dodging        | 2 3 4 5 6 7 8 9 10 11 12 13 14 16 17 | 17.2
Armour         | 1 2 3 4 5 6 8 9 10 11 12 13 14 15 | 15.5
Throwing       | 1 2 3 4 5 6 7 9 10 | 10.1
Fighting       | 4 5 6 7 8 9 10 11 12 13 14 15 16 17 | 17.1
Evocations     | 1 2 3 4 5 7 8 9 10 | 10.9
Shields        | 2 4 6 8 9 10 11 12 13 14 | 14.3
Axes           | 4 6 7 9 10 11 12 13 14 | 14.1
Long Blades    | 3 |  3.5
Maces & Flails | 6 8 |  8.2
Stealth        | |  4.5

Action                   |  1- 3 |  4- 6 |  7- 9 | 10-12 | 13-15 | 16-18 | 19-21 || total
-------------------------+-------+-------+-------+-------+-------+-------+-------++-------
Melee: Hand axe          |    58 |    16 |    98 |       |       |       |       ||   172
       Tailslap          |    10 |    30 |    75 |   183 |   327 |   361 |   495 ||  1481
       Short sword       |       |   195 |   240 |       |       |       |       ||   435
       Quarterstaff      |       |       |    18 |    58 |       |       |       ||    76
       Mace              |       |       |     8 |   604 |   351 |       |       ||   963
       War axe           |       |       |       |       |   401 |       |       ||   401
       Broad axe         |       |       |       |       |   351 |  1016 |   889 ||  2256
       Double sword      |       |       |       |       |    84 |       |       ||    84
       Whip              |       |       |       |       |       |   528 |  1113 ||  1641
 Fire: Hunting sling     |       |       |       |       |       |       |    79 ||    79
Throw: Dart              |     4 |     4 |       |    21 |       |       |       ||    29
       Javelin           |       |       |       |       |     9 |    11 |    12 ||    32
Invok: Call Merchant     |       |       |       |       |       |     5 |       ||     5
Evoke: Wand              |     3 |       |     1 |    13 |    17 |     2 |     7 ||    43
       Tin of tremorston |       |       |       |       |       |     1 |       ||     1
  Use: Scroll            |     1 |       |       |    11 |    22 |    13 |     9 ||    56
       Potion            |       |       |       |     2 |     5 |     8 |     9 ||    24
 Stab: Sleeping          |       |    18 |     8 |     7 |    23 |    27 |     6 ||    89
       Distracted        |       |       |     4 |    13 |    14 |    24 |    26 ||    81
       Confused          |       |       |       |     1 |       |       |     1 ||     2
       Petrified         |       |       |       |       |    18 |       |       ||    18
       Petrifying        |       |       |       |       |     5 |       |       ||     5
       Invisible         |       |       |       |       |     3 |       |       ||     3
       Held in net/web   |       |       |       |       |     1 |       |       ||     1
Armor: Leather armour    |     5 |       |       |       |       |       |       ||     5
       Ring mail         |    19 |    63 |   100 |   247 |   272 |       |       ||   701
       Skin              |       |       |     2 |       |       |       |       ||     2
       Fire dragon scale |       |       |       |       |    69 |       |       ||    69
       Scale mail        |       |       |       |       |    51 |   319 |       ||   370
       Chain mail        |       |       |       |       |       |   235 |   761 ||   996
Dodge: Dodged            |    55 |    92 |   184 |   658 |   864 |   874 |  1017 ||  3744
Block: Other             |       |    20 |    55 |    57 |     1 |       |       ||   133
       Reflection        |       |       |     1 |    22 |    26 |   148 |   141 ||   338
       Kite shield       |       |       |       |   904 |  1629 |   116 |   219 ||  2868
       Tower shield      |       |       |       |       |       |  2142 |  2719 ||  4861

Table legend: (Time is in decaauts)
 A = Elapsed time spent in this place.
 B = Non-inter-level travel time spent in this place.
 C = Inter-level travel time spent in this place.
 D = Time resting spent in this place.
 E = Time spent auto-exploring this place.
 F = Levels seen in this place.
 G = Mean time per level.
                   A        B        C        D        E       F      G
               +--------+--------+--------+--------+--------+-----+--------+
         Total |  45772 |  40750 |   5022 |   2046 |  24478 |  42 | 1089.8 |
       Dungeon |  15811 |  13975 |   1836 |    844 |   9000 |  15 | 1054.1 |
        Temple |    221 |    174 |     47 |      0 |    173 |   1 |  221.0 |
          Lair |   7695 |   6012 |   1683 |    139 |   3876 |   6 | 1282.5 |
         Swamp |   4489 |   4159 |    330 |     72 |   2598 |   4 | 1122.2 |
     Snake Pit |   5649 |   5368 |    281 |     62 |   3213 |   4 | 1412.2 |
  Orcish Mines |   1531 |   1275 |    256 |      0 |    781 |   2 |  765.5 |
   Elven Halls |   5385 |   4799 |    586 |    676 |   2656 |   3 | 1795.0 |
        Depths |    592 |    592 |      0 |      0 |    240 |   1 |  592.0 |
         Abyss |    759 |    759 |      0 |     26 |    105 |   1 |  759.0 |
        Bailey |    451 |    451 |      0 |      0 |    258 |   1 |  451.0 |
      Ice Cave |    746 |    746 |      0 |      0 |    400 |   1 |  746.0 |
       Volcano |    627 |    627 |      0 |     20 |    297 |   1 |  627.0 |
    Desolation |   1253 |   1253 |      0 |      0 |    693 |   1 | 1253.0 |
      Gauntlet |    558 |    558 |      0 |    206 |    184 |   1 |  558.0 |
               +--------+--------+--------+--------+--------+-----+--------+

Top non-repeatable levels by time:
   Elf:3: 2456 daAuts
 Snake:4: 2449 daAuts
     D:5: 2145 daAuts
    D:11: 1961 daAuts
  Lair:6: 1896 daAuts
 Snake:2: 1702 daAuts
 Swamp:4: 1668 daAuts
   Elf:2: 1609 daAuts
     D:8: 1468 daAuts
  Lair:2: 1349 daAuts
     D:6: 1321 daAuts
   Elf:1: 1320 daAuts
    D:12: 1310 daAuts
Desolation: 1253 daAuts
  Lair:5: 1217 daAuts
